 Dungeon Crawl Stone Soup version 0.31-a0-1447-g87ca8d402b (webtiles) character file.

Game seed: 10353738554028719689

1166 DWTD the Cleaver (level 8, -4/64 (74) HPs)
             Began as a Minotaur Berserker on Dec 27, 2023.
             Was a Priest of Trog.
             Slain by an orc warrior
             ... wielding a +3 glaive
              (9 damage)
             ... on level 6 of the Dungeon.
             The game lasted 00:05:58 (5442 turns).

DWTD the Cleaver (Minotaur Berserker)               Turns: 5442, Time: 00:05:59

HP:   -4/64 (74)    AC:  7    Str: 23    XL:     8   Next: 17%
MP:   0/7           EV: 11    Int:  4    God:    Trog [***...]
Gold: 279           SH:  0    Dex: 17    Spells: 7/7 levels left

rFire   . . .        p - +2 hand axe (elec)
rCold   . . .        (no shield)
rNeg    + . .        c - +0 scale mail
rPois   .            (helmet restricted)
rElec   .            d - +0 cloak
rCorr   .            (no gloves)
SInv    .            (no boots)
Will    .....        s - amulet of guardian spirit Stlth
                     f - ring of positive energy
HPRegen 0.30/turn    i - +6 ring of dexterity
MPRegen 0.10/turn

%: guardian spirit
@: mighty, about to teleport, on berserk cooldown, slowed, heavily drained, very
slow
A: horns 2, retaliatory headbutt
a: Renounce Religion, Berserk, Trog's Hand


You were on level 6 of the Dungeon.
You worshipped Trog.
Trog was most pleased with you.
You visited 1 branch of the dungeon, and saw 6 of its levels.

You collected 279 gold pieces.

Inventory:

Hand Weapons
 a - a +0 hand axe
 p - a +2 hand axe of electrocution (weapon)
Missiles
 o - 2 atropa-tipped darts
Armour
 c - a +0 scale mail (worn)
 d - a +0 cloak (worn)
Jewellery
 f - a ring of positive energy (left hand)
 i - a +6 ring of dexterity (right hand)
 s - an amulet of guardian spirit (around neck)
 t - a ring of resist corrosion
Wands
 b - a wand of polymorph (6)
 n - a wand of charming (8)
Scrolls
 k - a scroll of poison
 l - 2 scrolls of teleportation
 r - a scroll of identify
Potions
 e - a potion of heal wounds
 g - a potion of mutation {unknown}
 h - a potion of ambrosia
 j - 2 potions of might
 m - a potion of invisibility {unknown}
 q - a potion of lignification {unknown}


   Skills:
 + Level 7.7 Fighting
 * Level 10.1 Axes
 - Level 2.5 Armour
 - Level 2.3 Dodging


You had 7 spell levels left.
You didn't know any spells.
Your spell library was empty.

Dungeon Overview and Level Annotations

Branches:
Dungeon (6/15)             Temple (0/1) D:6

Altars:
Hepliaklqana
Ru

Annotations:
D:6 Jeremiah


Innate Abilities, Weirdness & Mutations

You have a pair of horns on your head.
You reflexively headbutt those who attack you in melee.


Message History

Unknown command.
You slash the butterfly!
You kill the butterfly!
The butterfly disappears in a burst of colours!
You slash the butterfly!
You kill the butterfly!
The butterfly disappears in a burst of colours!
You hit the scorpion.
Lightning courses through the scorpion!!
You kill the scorpion!
Trog accepts your kill.
The butterfly disappears in a burst of colours!
Jeremiah closely misses you.
Your Axes skill increases to level 10!
You miss the butterfly. You hit the butterfly.
You kill the butterfly!
The butterfly disappears in a burst of colours!
An iguana comes into view.
The orc warrior misses you. Jeremiah hits you but does no damage.
You partially resist. The orc warrior misses you.
Cleave: p) +2 hand axe (elec)
Press: ? - help, Dir - move target, f - you
Okay, then.
You slash the butterfly!
You kill the butterfly!
The butterfly disappears in a burst of colours!
You miss the butterfly.
The butterfly disappears in a burst of colours!
Jeremiah hits you from afar with a +3 trident of draining!
* * * LOW HITPOINT WARNING * * *
You partially resist.
You feel drained.
* * * LOW HITPOINT WARNING * * *
The orc warrior barely misses you.
Jeremiah hits you from afar with a +3 trident of draining.
* * * LOW HITPOINT WARNING * * *
You partially resist.
You feel drained.
As you read the scroll of teleportation, it crumbles to dust.
You feel strangely unstable.
The orc warrior hits you from afar with a +3 glaive!
You die... .$b.o####=.?.# ....sbb......# ..b.oF###....# .obb.

#o...# #.## ##o#### .
##..# .####..# #.o##
.......#.## #†##
....##.#..######@#
......##.##...b.#
........##blbF##
##.##>.##....bb.#
................#
..####.....#....#
............b...##
.†...............####
).†.##..............#


You could see Jeremiah, an orc warrior, an iguana and 2 orcs.

Vanquished Creatures
  Menkaure (D:5)
  Duvessa (D:6)
  A water moccasin (D:6)
  An ogre (D:5)
  A black bear (D:5)
  A phantom (D:5)
  3 scorpions
  Dowan (D:6)
  A hound (D:5)
  3 jellies
  Jessica (D:2)
  An iguana (D:4)
  Robin (D:1)
  6 adders
  2 ufetubi (D:6)
  A worm (D:4)
  5 orcs
  12 ball pythons
  7 endoplasms
  3 giant cockroaches
  14 goblins
  6 hobgoblins
  6 jackals
  7 kobolds
  6 quokkas
  3 bats
  8 frilled lizards
  6 rats
109 creatures vanquished.

Vanquished Creatures (others)
  An adder (D:6)
1 creature vanquished.

Grand Total: 110 creatures vanquished

Notes
Turn   | Place    | Note
-------+----------+-------------------------------------------
     0 | D:1      | DWTD the Minotaur Berserker began the quest for the Orb.
     0 | D:1      | Reached XP level 1. HP: 19/19 MP: 0/0
    87 | D:1      | Reached skill level 4 in Axes
    87 | D:1      | Reached XP level 2. HP: 16/27 MP: 1/1
   536 | D:1      | Reached XP level 3. HP: 20/33 MP: 2/2
   870 | D:1      | Reached ** piety under Trog
  1096 | D:2      | Noticed Robin
  1112 | D:1      | HP: 1/34 [goblin/+0 club[Robin] (5)]
  1401 | D:2      | Reached skill level 5 in Axes
  1409 | D:1      | Killed Robin
  1410 | D:1      | Reached XP level 4. HP: 27/41 MP: 3/3
  1479 | D:2      | Noticed Jessica
  1485 | D:2      | Killed Jessica
  2394 | D:3      | Reached skill level 5 in Fighting
  2403 | D:3      | Reached XP level 5. HP: 48/48 MP: 4/4
  3158 | D:4      | Reached skill level 6 in Axes
  3202 | D:4      | Reached *** piety under Trog
  3598 | D:4      | Reached skill level 7 in Axes
  3598 | D:4      | Reached XP level 6. HP: 54/57 MP: 5/5
  3602 | D:4      | Found a hazy altar of Hepliaklqana.
  3629 | D:4      | Found a sacrificial altar of Ru.
  4458 | D:5      | Entered Level 5 of the Dungeon
  4458 | D:5      | Noticed Menkaure
  4462 | D:5      | Killed Menkaure
  4573 | D:5      | Reached skill level 8 in Axes
  4573 | D:5      | Reached XP level 7. HP: 57/64 MP: 6/6
  5050 | D:5      | Reached skill level 9 in Axes
  5098 | D:6      | Noticed Duvessa
  5098 | D:6      | Noticed Dowan
  5103 | D:6      | Found a staircase to the Ecumenical Temple.
  5181 | D:6      | Killed Dowan
  5190 | D:6      | Killed Duvessa
  5191 | D:6      | Reached XP level 8. HP: 35/73 MP: 2/7
  5389 | D:6      | Noticed Jeremiah
  5440 | D:6      | Reached skill level 10 in Axes
  5442 | D:6      | Slain by an orc warrior

Illustrated notes

Levels and vault maps discovered:
D:1:      dpeg_arrival_leaves_temple_mockup, layout_rooms,
          minmay_misc_feat_four_crosses, dreamdust_princess_corridor,
          hangedman_abyss_or_decor_lesser_grid
D:2:      layout_rooms, serial_corexii_hall, corexii_hall_statues_l,
          chequers_hall_statues_wall_a, chequers_hall_statues_corner_a,
          grunt_ministairs_10, amcnicky_mini_corridor_feature,
          minmay_misc_feat_rugged, uniq_jessica, uniq_robin
D:3:      layout_basic
D:4:      layout_layer_cave, jmf_multi_god_temple
D:5:      layout_rooms, kennysheep_another_room, uniq_menkaure
D:6:      layout_rooms, slow_altar_2, minmay_temple_entry_gardened_gates,
          uniq_jeremiah, uniq_duvessa

Skill      XL: |  1  2  3  4  5  6  7  8 |
---------------+-------------------------+-----
Axes           | 4 5 7 8 9 10 | 10.1
Fighting       | 4 5 6 7 |  7.7
Armour         | |  2.5
Dodging        | |  2.3

Action                     |  1- 3 |  4- 6 |  7- 9 || total
---------------------------+-------+-------+-------++-------
  Melee: Hand axe          |    78 |   116 |    66 ||   260
         Headbutt          |     6 |    25 |    15 ||    46
         Punch             |     1 |     2 |     1 ||     4
 Invoke: Berserk           |       |     1 |     2 ||     3
    Use: Scroll            |     4 |     6 |     1 ||    11
         Potion            |       |       |     2 ||     2
 Armour: Animal skin       |    42 |       |       ||    42
         Scale mail        |    48 |    60 |    48 ||   156
  Dodge: Dodged            |    82 |    46 |    47 ||   175

Table legend: (Time is in decaauts)
 A = Elapsed time spent in this place.
 B = Non-inter-level travel time spent in this place.
 C = Inter-level travel time spent in this place.
 D = Time resting spent in this place.
 E = Time spent auto-exploring this place.
 F = Levels seen in this place.
 G = Mean time per level.
                   A        B        C        D        E       F      G
               +--------+--------+--------+--------+--------+-----+--------+
         Total |   5461 |   5235 |    226 |   1367 |   3201 |   6 |  910.2 |
       Dungeon |   5461 |   5235 |    226 |   1367 |   3201 |   6 |  910.2 |
               +--------+--------+--------+--------+--------+-----+--------+

Top non-repeatable levels by time:
     D:1: 1429 daAuts
     D:4: 1371 daAuts
     D:3: 982 daAuts
     D:5: 700 daAuts
     D:2: 683 daAuts
     D:6: 295 daAuts
